 Dungeon Crawl Stone Soup version 0.30-a0-263-ge22c4ad894 (webtiles) character file.

Game seed: 3666167918658988264

1520998 Lobster4 the Fire Dragon (level 26, 239/239 HPs)
             Began as a Red Draconian Conjurer on Oct 12, 2022.
             Was the Champion of Vehumet.
             Escaped with the Orb
             ... and 3 runes on Oct 13, 2022!
             The game lasted 06:51:03 (86604 turns).

Lobster4 the Fire Dragon (Red Draconian Conjurer)  Turns: 86604, Time: 06:51:04

Health: 239/239    AC: 21    Str: 20    XL:     26   Next: 77%
Magic:  32/32      EV: 25    Int: 26    God:    Vehumet [******]
Gold:   9066       SH: 24    Dex: 25    Spells: 1/51 levels left

rFire   + + .      SeeInvis .    a - +8 trishula "Condemnation" {holy, anguish, *Noise Fly rN+}
rCold   . . .      Faith    .    q - +4 kite shield of Trumpets {Regen+ Str+5}
rNeg    + + .      Spirit   .    (body armour unavailable)
rPois   +          Reflect  +    E - +2 hat {Will+}
rElec   +          Harm     .    e - +2 cloak
rCorr   +          Rampage  .    b - +2 pair of gloves {Str+3}
Will    ++...                    f - +0 pair of boots of the Lizard {rElec rC- Dex+9}
Stlth   ++........               S - amulet "Gira" {Reflect rPois SH+5 Stlth+}
HPRegen 1.39/turn                I - ring of the Flying Gods {rF+ rC+ rCorr Dex+2}
MPRegen 0.23/turn                L - ring of the Gloaming {rN+ Int+4 Dex+4}

@: flying, studying Throwing
A: breathe fire, AC +12, unfitting armour, fire resistance 1, cold-blooded,
clumsy 1, dopey 1, low MP 2, screaming 1, weak 1, subdued magic 1, MP-powered
wands
0: Orb of Zot
}: 3/15 runes: decaying, silver, gossamer
a: Breathe Fire, Renounce Religion


You escaped.
You worshipped Vehumet.
Vehumet was exalted by your worship.
You visited 12 branches of the dungeon, and saw 52 of its levels.
You visited 1 bazaar.
You also visited: Trove, Sewer, Gauntlet and Wizlab.

You collected 11246 gold pieces.
You spent 2180 gold pieces at shops.

Inventory:

Hand Weapons
 a - the +8 trishula "Condemnation" (weapon) {holy, anguish, *Noise Fly rN+}
   (You found it on level 2 of the Orcish Mines)

   It has been blessed by the Shining One to cause great damage to the undead
   and demons.
   It inflicts anguish, making its victims' attacks reflect back on them.
   rN:        It protects you from negative energy.
   Fly:       It grants you flight.
   *Noise:    It may make noises in combat.
Missiles
 k - 85 poisoned darts (quivered)
 M - 8 curare-tipped darts
Armour
 b - a +2 pair of gloves of strength (worn)
 e - a +2 cloak (worn)
 f - the +0 pair of boots of the Lizard (worn) {rElec rC- Dex+9}
   (You found it on level 3 of the Crypt)

   Dex:       It affects your dexterity (+9).
   rC:        It makes you vulnerable to cold.
   rElec:     It insulates you from electricity.
 q - the +4 kite shield of Trumpets (worn) {Regen+ Str+5}
   (You acquired it on level 2 of the Orcish Mines)

   Str:       It affects your strength (+5).
   Regen:     It increases your rate of health regeneration.
 E - a +2 hat of willpower (worn)
 O - the +2 pair of boots of Qoeplez {rC+}
   (You found it on level 13 of the Dungeon)

   rC:        It protects you from cold.
Jewellery
 v - a ring of willpower
 w - the ring of Wishful Thinking {Fly rF+}
   (You found it in a Gauntlet)

   [ring of flight]

   rF:        It protects you from fire.
   Fly:       It grants you flight.
 G - a ring of see invisible
 I - the ring of the Flying Gods (left hand) {rF+ rC+ rCorr Dex+2}
   (You found it in a Gauntlet)

   [ring of resist corrosion]

   Dex:       It affects your dexterity (+2).
   rF:        It protects you from fire.
   rC:        It protects you from cold.
   rCorr:     It protects you from acid and corrosion.
 K - the ring of Lyjietz {Will+ rCorr Int+4 Dex-4}
   (You took it off a tengu warrior on level 3 of the Depths)

   [ring of willpower]

   Int:       It affects your intelligence (+4).
   Dex:       It affects your dexterity (-4).
   rCorr:     It protects you from acid and corrosion.
   Will:      It increases your willpower.
 L - the ring of the Gloaming (right hand) {rN+ Int+4 Dex+4}
   (You found it on level 3 of the Crypt)

   [ring of positive energy]

   Int:       It affects your intelligence (+4).
   Dex:       It affects your dexterity (+4).
   rN:        It protects you from negative energy.
 S - the amulet "Gira" (around neck) {Reflect rPois SH+5 Stlth+}
   (You found it on level 10 of the Dungeon)

   [amulet of reflection]

   It reflects blocked missile attacks.
   rPois:     It protects you from poison.
   SH:        It affects your SH (+5).
   Stlth:     It makes you more stealthy.
 Z - the ring of the Hare {EV+8}
   (You found it on level 2 of the Lair of Beasts)

   [ring of evasion]

   EV:        It affects your evasion (+8).
Wands
 r - a wand of iceblast (63)
 x - a wand of mindburst (17)
 N - a wand of quicksilver (47)
 V - a wand of digging (4)
Scrolls
 h - 5 scrolls of magic mapping
 i - a scroll of teleportation
 l - 9 scrolls of immolation
 s - 5 scrolls of poison
 t - 2 scrolls of silence
 y - 4 scrolls of blinking
 B - 12 scrolls of fear
 D - 8 scrolls of fog
 F - 2 scrolls of summoning
Potions
 c - 7 potions of magic
 d - 3 potions of cancellation
 j - 7 potions of lignification
 n - 8 potions of haste
 o - 9 potions of heal wounds
 p - 10 potions of brilliance
 u - 22 potions of curing
 z - 10 potions of ambrosia
 C - a potion of berserk rage
 J - 4 potions of resistance
 R - 3 potions of mutation
 T - 3 potions of invisibility
 X - 2 potions of might
Miscellaneous
 g - a phantom mirror
 m - a tin of tremorstones (2/2)
 A - a box of beasts
 H - a lightning rod (4/4)
 P - a condenser vane
 Q - a phial of floods


   Skills:
 - Level 20.0 Fighting
 - Level 14.7(15.0) Polearms
 - Level 4.0(10.4) Staves
 - Level 5.0 Throwing
 - Level 15.0 Dodging
 - Level 2.0 Stealth
 - Level 14.0 Shields
 - Level 13.0 Spellcasting
 + Level 26.4 Conjurations
 - Level 3.0 Hexes
 - Level 2.0 Necromancy
 - Level 3.0 Translocations
 - Level 5.0 Transmutations
 O Level 27 Fire Magic
 - Level 3.0 Air Magic
 - Level 8.0 Poison Magic
 - Level 4.0 Evocations


You had one spell level left.
You knew the following spells:

 Your Spells              Type           Power      Damage    Failure   Level
a - Magic Dart            Conj           100%       1d8       0%          1
b - Searing Ray           Conj           100%       2d8       0%          2
c - Fire Storm            Conj/Fire      44%        8d11      2%          9
d - Olgreb's Toxic Radia  Pois           45%        N/A       1%          4
e - Ignite Poison         Fire/Tmut/Pois 60%        N/A       1%          3
f - Fireball              Conj/Fire      44%        3d18      0%          5
g - Mephitic Cloud        Conj/Pois/Air  58%        N/A       1%          3
h - Starburst             Conj/Fire      44%        6d12      0%          6
i - Flame Wave            Conj/Fire      88%        2d19      0%          4
j - Ignition              Fire           44%        3d13      1%          8
s - Iskenderun's Battles  Conj           87%        2d13      0%          5

Your spell library contained the following spells:

 Spells                   Type           Power      Damage    Failure   Level
 Maxwell's Capacitive Co  Air            12%        ∞         100%        8
 Polar Vortex             Ice            6%         N/A       100%        9
 Kiss of Death            Conj/Necr      100%       2d13      0%          1
 Shock                    Conj/Air       100%       1d9       0%          1
 Sandblast                Erth           26%        2d8       1%          1
 Slow                     Hex            100%       N/A       1%          1
 Summon Small Mammal      Summ           52%        N/A       4%          1
 Scorch                   Fire           100%       2d10      0%          2
 Static Discharge         Conj/Air       100%       2-7/arc   0%          2
 Dazzling Flash           Conj/Hex       100%       N/A       0%          3
 Inner Flame              Hex/Fire       64%        N/A       0%          3
 Cigotuvi's Dreadful Rot  Necr/Pois/Air  60%        N/A       1%          2
 Poisonous Vapours        Pois/Air       70%        N/A       1%          2
 Wereblood                Tmut           33%        N/A       1%          2
 Kindle Blastsparks       Fire/Tloc/Air  100%       2d18      1%          3
 Spider Form              Tmut/Pois      39%        N/A       1%          3
 Stone Arrow              Conj/Erth      100%       3d13      1%          3
 Fulminant Prism          Conj/Hex       32%        3d16      1%          4
 Iskenderun's Mystic Bla  Conj/Tloc      64%        2d13      1%          4
 Arcjolt                  Conj/Air       32%        1d42      1%          5
 Freezing Cloud           Conj/Ice/Air   25%        6-21      1%          5
 Lightning Bolt           Conj/Air       32%        1d49      1%          5
 Conjure Ball Lightning   Conj/Air       32%        3x3d10    1%          6
 Iron Shot                Conj/Erth      30%        9d6       1%          6
 Orb of Destruction       Conj           43%        9d12      1%          7
 Passwall                 Tmut/Erth      19%        N/A       2%          2
 Ensorcelled Hibernation  Hex/Ice        38%        N/A       3%          2
 Sublimation of Blood     Necr           21%        N/A       3%          2
 Confusing Touch          Hex            25%        N/A       4%          3
 Swiftness                Air            25%        N/A       4%          3
 Vhi's Electric Charge    Tloc/Air       50%        N/A       4%          3
 Airstrike                Air            12%        2d(2-18)  4%          4
 Spellforged Servitor     Conj/Summ      30%        N/A       5%          7
 Vampiric Draining        Necr           21%        2d7       7%          3
 Call Imp                 Summ           13%        N/A       8%          2
 Summon Guardian Golem    Hex/Summ       19%        N/A       8%          3
 Yara's Violent Unravell  Hex/Tmut       14%        3d7       8%          5
 Call Canine Familiar     Summ           13%        N/A       16%         3
 Ozocubu's Armour         Ice            13%        N/A       16%         3
 Cause Fear               Hex            12%        N/A       16%         4
 Manifold Assault         Tloc           25%        N/A       16%         4
 Eringya's Noxious Bog    Tmut/Pois      19%        N/A       16%         6
 Anguish                  Hex/Necr       11%        N/A       19%         4
 Ice Form                 Ice/Tmut       23%        N/A       19%         4
 Animate Dead             Necr           21%        N/A       22%         4
 Dispel Undead            Necr           21%        3d11      22%         4
 Summon Lightning Spire   Summ/Air       19%        N/A       28%         4
 Agony                    Necr           21%        N/A       54%         5
 Metabolic Englaciation   Hex/Ice        9%         N/A       63%         5
 Summon Forest            Summ/Tloc      9%         N/A       63%         5
 Summon Mana Viper        Hex/Summ       19%        N/A       63%         5
 Borgnjor's Vile Clutch   Necr/Erth      8%         N/A       71%         5
 Dispersal                Tloc           12%        N/A       94%         6
 Chain Lightning          Conj/Air       32%        3d42      96%         9
 Death Channel            Necr           10%        N/A       98%         6
 Simulacrum               Ice/Necr       8%         N/A       99%         6
 Summon Cactus Giant      Summ           6%         N/A       100%        6
 Enfeeble                 Hex            12%        N/A       100%        7
 Malign Gateway           Summ/Tloc      9%         N/A       100%        7
 Ozocubu's Refrigeration  Ice            6%         4d8       100%        7
 Summon Hydra             Summ           6%         N/A       100%        7
 Discord                  Hex            12%        N/A       100%        8
 Disjunction              Tloc           12%        N/A       100%        8
 Necromutation            Tmut/Necr      13%        N/A       100%        8
 Summon Horrible Things   Summ           6%         N/A       100%        8


Dungeon Overview and Level Annotations

Branches:
Dungeon (15/15)            Temple (1/1) D:4            Lair (5/5) D:9
  Swamp (4/4) Lair:2       Spider (4/4) Lair:3        Slime (0/5) Lair:5
    Orc (2/2) D:10            Elf (3/3) Orc:2        Vaults (5/5) D:14
  Crypt (3/3) Vaults:2       Tomb (1/3) Crypt:3      Depths (4/4) D:15
    Zot (5/5) Depths:4      Sewer (visited)          WizLab (visited)
Gauntlet (visited)

Altars:
Ashenzari
Cheibriados
Dithmenos
Elyvilon
Fedhas
Gozag
Hepliaklqana
Kikubaaqudgha
Makhleb
Nemelex Xobeh
Okawaru
Qazlal
Ru
Sif Muna
Trog
Uskayaw
Vehumet
Wu Jian
Xom
Yredelemnul
Zin
The Shining One
Jiyva
Lugonu

Shops:
Orc:2 [?[=   Elf:1 ?   Elf:2 *   Depths:3 ?[   Depths:4 (

Portals:
Hell: Depths:1 Depths:2 Depths:3 Depths:4
Abyss: Lair:5 Depths:2 Depths:3
Pandemonium: Depths:2 Depths:4
Ziggurat: Depths:1

Annotations:
Crypt:2 1 runed translucent door, Mulolez's ghost, adept MiFi


Innate Abilities, Weirdness & Mutations

You can breathe blasts of fire.
Your fiery red scales are hard. (AC +12)
You cannot fit into any form of body armour.
Your flesh is heat resistant. (rF+)
You are cold-blooded and may be slowed by cold attacks.
You are clumsy. (Dex -2)
You are dopey. (Int -2)
Your magical capacity is very low. (-20% MP)
You occasionally shout uncontrollably at your foes.
You are weak. (Str -2)
Your spells are a little easier to cast, but a little less powerful.
You expend magic power (3 MP) to strengthen your wands.


Message History

No target in view!
Aiming: Dig
Press: ? - help, Shift-Dir - straight line A rock wall.
This square is covered in magical glow.
You feel a surge of power!
The rock shatters into small pieces.
Aiming: Dig
Press: ? - help, Shift-Dir - straight line A rock wall.
This square is covered in magical glow.
You feel a surge of power!
The rock shatters into small pieces.
There is a stone staircase leading up here.
You fly upwards.
There is a stone staircase leading down here.
Magic restored.
There is a stone staircase leading up here.
You fly upwards.
There is a stone staircase leading down here.
There is a stone staircase leading up here.
You fly upwards.
There is a stone staircase leading down here.
You see here a +0 whip.
You see here a +0 leather armour.
Things that are here:
a +0 leather armour; a +0 whip You see here a +0 short sword.
You see here a +0 dagger.
A cacodemon and an orange demon come into view.
There is a stone staircase leading up here.
You fly upwards.
There is a stone staircase leading down here.
There is a stone staircase leading up here.
You fly upwards.
There is a stone staircase leading down here.
There is a stone staircase leading up here.
You fly upwards.
There is a stone staircase leading down here.
There is an empty arch of ancient stone here.
There is a staircase leading out of the dungeon here.
You have escaped!

#.# #.#....##.####.#.#
#)# #.#.......# ###.#
#.######†#...##########.#
#........#......#.......#
##############..#.#######
#...........##..#.#
##.8.♣.8.♣.8.##..#.#
###.............##.#.#
..∩.~~~~~~~~~~~.@#.#.#
###.............##.#.#
##.8.♣.8.♣.8.###.#.#
#...........##..#.#
#################....#
....## #..###
###..######## ##.#
##........# ##.#
#........# ##..#


There were no monsters in sight!

Vanquished Creatures
  4 dread liches
  2 orbs of fire (Zot:5)
  2 ancient liches
  2 royal mummies (Crypt:3)
  7 Killer Klowns (Zot:5)
  Boris (twice) (Vaults:4 Depths:4)
  Margery (Vaults:4)
  A caustic shrike (Depths:3)
  2 curse toes
  4 golden dragons
  Jory (Crypt:2)
  Arachne (Spider:3)
  2 Brimstone Fiends (Zot:5)
  2 electric golems (Zot:5)
  10 tentacled monstrosities
  19 Orb Guardians
  Mlioglotl (Spider:2)
  A shard shrike zombie (Crypt:3)
  A shard shrike skeleton (Crypt:2)
  3 liches
  A Hell Sentinel (D:11)
  4 titans (Vaults:5)
  2 deep elf blademasters
  8 death cobs
  A deep elf master archer (Elf:3)
  4 quicksilver dragons (Zot:5)
  An acid blob (Spider:3)
  2 ancient champions
  14 sphinxes
  Gastronok (Lair:3)
  13 storm dragons
  7 tengu reavers
  13 shadow dragons
  An azure jelly (shapeshifter) (Vaults:5)
  2 azure jellies (Lair:5)
  A demonspawn warmonger (Zot:4)
  3 revenants
  8 draconian monks
  A fenstrider witch (Swamp:2)
  4 frost giants
  18 vault wardens
  A balrug (Depths:2)
  6 ghost moths
  7 deep elf sorcerers
  2 emperor scorpions (Spider:4)
  4 fire giants
  An iron dragon (shapeshifter) (Vaults:3)
  2 orc warlords
  A caustic shrike zombie (Crypt:1)
  A cacodemon (Depths:4)
  7 draconian scorchers
  3 iron dragons
  6 deep elf elementalists
  6 draconian stormcallers
  3 war gargoyles
  An angel (D:7)
  3 draconian shifters
  Aizul (Vaults:4)
  A broodmother (Spider:2)
  3 draconian annihilators
  21 very ugly things
  9 vampire knights
  14 ghouls
  2 reapers (Crypt:3)
  23 ironbound preservers
  20 stone giants
  7 ironbound thunderhulks
  The ghost of Lobster4 the Crack Shot, a journeyman DEHu of Fedhas (Spider:1)
  10 green draconians
  2 bennus (Tomb:1)
  11 yellow draconians
  The ghost of Hynecril the Black Belt, a journeyman MeHW of Nemelex Xobeh (Spider:1)
  5 deep elf demonologists
  9 deep elf annihilators (Elf:3)
  4 red draconians
  A minotaur (Gauntlet)
  4 eleionomae
  12 black draconians
  The ghost of Paroid the Skirmisher, a journeyman MeHs of Hepliaklqana (Spider:1)
  22 white draconians
  4 bunyips
  7 dire elephants
  15 purple draconians
  3 spark wasps
  6 eidola
  2 ettins
  A spectral quicksilver dragon (Crypt:3)
  13 deep elf death magi
  9 statues (WizLab)
  A green death (Swamp:4)
  5 crystal guardians
  7 jiangshi
  Fannar (D:12)
  3 entropy weavers
  3 mummy priests (Tomb:1)
  12 yaktaur captains
  6 deep elf high priests
  5 fire dragons
  A merfolk impaler (Depths:4)
  A shambling mangrove (Swamp:1)
  31 vault guards
  A spriggan zombie (Crypt:1)
  10 ice dragons
  2 peacekeepers
  7 rakshasas
  3 great orbs of eyes
  The ghost of chippings the Covert, a journeyman AtAr of Uskayaw (Lair:2)
  A fenstrider witch zombie (Crypt:1)
  10 hydras
  Harold (D:10)
  2 spriggan air magi
  3 ogre magi
  2 hell beasts (Swamp:4)
  3 jorogumos
  5 ironbound frosthearts
  6 alligators
  11 centaur warriors
  11 two-headed ogres
  4 death knights
  5 death scarabs (Spider:4)
  22 dancing weapons
  6 tengu warriors
  4 radroaches
  A spectral naga (Crypt:3)
  2 catoblepae
  3 thrashing horrors
  A satyr (shapeshifter) (Vaults:5)
  8 vampire magi
  12 boulder beetles
  4 orc high priests (Orc:2)
  10 deep troll earth magi
  3 deep troll shamans
  A spectral emperor scorpion (Spider:4)
  2 soul eaters
  2 sun demons (Depths:2)
  6 spriggan berserkers
  Nergalle (D:10)
  A hell knight (Vaults:5)
  Amaemon (Lair:2)
  A sixfirhy (Zot:5)
  15 deep elf knights
  A sun moth (Spider:1)
  2 goliath frogs
  A titan skeleton (Crypt:1)
  5 pharaoh ants
  10 shadow wraiths
  5 flayed ghosts
  56 deep trolls
  2 iron trolls
  8 skeletal warriors
  A storm dragon skeleton (Crypt:2)
  7 spriggan druids
  A bunyip zombie (Crypt:1)
  An anaconda zombie (Crypt:1)
  9 large abominations
  6 orb spiders
  5 glowing orange brains
  6 steelbarb worms
  8 swamp dragons
  2 deep trolls (shapeshifter)
  A spectral wolf spider (Spider:4)
  11 deep elf archers
  11 ironbound convokers
  4 orange crystal statues (D:13)
  26 deep elf pyromancers
  An iron giant skeleton (Crypt:2)
  9 necromancers
  An anaconda skeleton (Crypt:3)
  14 bog bodies
  27 phantasmal warriors
  8 lindwurms
  14 wizards
  A harpy (shapeshifter) (Vaults:5)
  A fire giant zombie (Vaults:4)
  10 orc knights
  A faun (shapeshifter) (D:15)
  A sphinx skeleton (Crypt:1)
  6 will-o-the-wisps
  11 spectral spriggans
  An iron dragon zombie (Crypt:2)
  20 deep elf zephyrmancers
  An oklob plant (Spider:3)
  5 orc sorcerers (Orc:2)
  16 wolf spiders
  A tengu zombie (Vaults:1)
  5 cyclopes
  48 ugly things
  36 moths of wrath
  40 slime creatures
  A frost giant zombie (Vaults:1)
  A manticore (D:14)
  A dire elephant zombie (Crypt:1)
  13 elephants
  2 smoke demons
  An iron dragon skeleton (Crypt:1)
  4 black mambas
  14 vault sentinels
  An orange demon (Lair:2)
  A guardian serpent (shapeshifter) (Depths:2)
  A centaur zombie (Crypt:1)
  6 torpor snails
  2 centaur skeletons
  8 cane toads
  A gargoyle (D:11)
  An elephant slug zombie (Crypt:2)
  A stone giant skeleton (Crypt:1)
  A redback zombie (Crypt:3)
  20 demonic crawlers
  An orb spider zombie (Crypt:1)
  A sea snake zombie (Crypt:3)
  A spectral redback (Spider:4)
  8 komodo dragons
  41 yaktaurs
  An unseen horror (D:12)
  17 tengu conjurers
  3 rime drakes
  8 freezing wraiths
  2 ancient zymes (Lair:5)
  A hellwing (Depths:4)
  A spectral harpy (Crypt:3)
  A tormentor (D:13)
  An ice devil (Depths:4)
  4 guardian mummies
  A pale draconian skeleton (Crypt:3)
  2 harpy zombies
  12 meliai
  A troll (shapeshifter) (Lair:5)
  2 spectral jumping spiders (Spider:4)
  6 bloated husks
  6 trolls
  A polar bear (Lair:3)
  A spectral culicivora (Spider:4)
  14 hornets
  2 harpy skeletons
  A dream sheep (shapeshifter) (Vaults:5)
  8 tyrant leeches
  A raiju (shapeshifter) (D:13)
  14 tarantellas
  5 spectral tarantellas (Spider:4)
  21 blink frogs
  A moth of wrath zombie (Crypt:3)
  2 black mamba zombies (Crypt:1)
  7 dream sheep (Lair:4)
  18 shadows
  3 tarantella zombies (Spider:4)
  19 flying skulls
  A human simulacrum (Vaults:1)
  20 culicivoras
  5 water elementals
  17 jumping spiders
  A ynoxinul (Lair:5)
  23 spriggans
  5 wyverns
  A vampire (D:14)
  3 fire elementals
  6 ushabtiu (Tomb:1)
  14 small abominations
  14 wraiths
  45 yaks
  Grum (D:10)
  2 basilisks (shapeshifter)
  4 elf zombies
  A human (shapeshifter) (D:14)
  61 redbacks
  8 basilisks
  4 chaos spawn
  2 neqoxecs
  A steam dragon (D:8)
  7 vampire mosquitoes
  An elf skeleton (Vaults:4)
  12 swamp worms
  Menkaure (D:7)
  A harpy simulacrum (Crypt:1)
  2 two-headed ogre zombies
  A water nymph zombie (Crypt:1)
  7 acid dragons
  2 human zombies
  5 wargs
  14 water moccasins
  A fire bat skeleton (Crypt:3)
  Duvessa (D:7)
  5 hell hounds (Depths:4)
  A floating eye (Depths:3)
  A glowing shapeshifter skeleton (Vaults:1)
  6 black bears
  2 swamp drakes
  46 orc warriors
  3 floating eyes (shapeshifter)
  2 ice beasts
  A lindwurm zombie (Crypt:1)
  A black bear (shapeshifter) (Vaults:5)
  An ettin simulacrum (Vaults:4)
  10 wolves
  A dream sheep skeleton (Crypt:3)
  16 ogres
  5 boggarts (D:15)
  17 centaurs
  2 salamander zombies
  2 phantoms (D:10)
  3 kobold brigands
  4 necrophages
  A human skeleton (Vaults:4)
  18 bullfrogs
  An earth elemental (Elf:2)
  A gnoll sergeant (D:7)
  3 scorpions
  10 wights
  Dowan (D:7)
  A cyclops skeleton (Crypt:1)
  4 troll zombies
  5 killer bees (D:8)
  3 electric eels
  A polar bear skeleton (Crypt:2)
  2 troll skeletons (Swamp:3)
  3 howler monkeys (D:7)
  3 crimson imps
  5 jellies
  A hound (D:6)
  A gnoll bouda (D:4)
  27 orc priests
  Natasha (D:4)
  Terence (D:3)
  4 iguanas
  Ijyb (D:4)
  5 hell rats
  24 orc wizards
  6 ogre zombies
  An ogre skeleton (Crypt:3)
  6 mummies (Tomb:1)
  5 adders
  6 gnolls
  A river rat (Sewer)
  A white imp (D:5)
  3 ufetubi
  A worm (D:5)
  2 dart slugs
  99 orcs
  6 bats
  4 endoplasms
  6 giant cockroaches
  6 goblins
  7 hobgoblins
  A jackal (D:4)
  18 kobolds
  A quokka (D:1)
  6 ball pythons
  5 frilled lizards
  4 goblin zombies (D:10)
  2 hobgoblin skeletons (D:10)
  A hobgoblin zombie (Crypt:3)
  A kobold skeleton (Crypt:2)
  4 orc skeletons
  16 orc zombies (D:10)
  7 rats
  A butterfly (Lair:2)
2308 creatures vanquished.

Vanquished Creatures (collateral kills)
  A draconian stormcaller (Zot:3)
1 creature vanquished.

Vanquished Creatures (others)
  An ancient lich (Zot:5)
  An orb of fire (Zot:5)
  Mennas (Crypt:2)
  Boris (Tomb:1)
  A golden dragon (Zot:1)
  3 tentacled monstrosities (Zot:4)
  8 Orb Guardians (Zot:5)
  A lich (Crypt:3)
  The ghost of freelancePsychic the Acrobat, an adept MfHu of Gozag (Spider:4)
  A quicksilver dragon (Zot:3)
  5 sphinxes
  2 death cobs
  A tengu reaver (Vaults:4)
  A storm dragon (Zot:1)
  The ghost of Pesouf the Phalangite, an adept MfHs of Okawaru (Spider:1)
  A daeva (D:11)
  A draconian knight (Zot:3)
  A revenant (Crypt:3)
  5 fire giants
  2 frost giants
  3 vault wardens
  A draconian shifter (Zot:1)
  A spriggan defender (Depths:3)
  2 curse skulls
  A ghoul (Swamp:3)
  A draconian stormcaller (Zot:1)
  A very ugly thing (Depths:3)
  An ironbound thunderhulk (Vaults:4)
  A black draconian (Depths:4)
  A vampire knight (Crypt:1)
  An eleionoma (Swamp:3)
  A yellow draconian (Zot:4)
  2 purple draconians (WizLab)
  A bunyip (Swamp:4)
  An ettin (D:15)
  A mummy priest (Tomb:1)
  A jiangshi (Crypt:1)
  A green death (Swamp:4)
  An entropy weaver (Spider:3)
  A yaktaur captain (Vaults:4)
  2 great orbs of eyes
  A vault guard (D:14)
  An ice dragon (Depths:3)
  A jorogumo (Spider:4)
  A spriggan air mage (Depths:3)
  3 hydras
  An ironbound frostheart (Vaults:4)
  A catoblepas (Lair:1)
  An alligator (Swamp:3)
  A deep troll earth mage (Depths:3)
  Urug (Lair:3)
  A hell knight (Vaults:5)
  A wretched star (Gauntlet)
  3 shadow wraiths (Crypt:3)
  A swamp dragon (Swamp:3)
  A flayed ghost (Crypt:3)
  A steelbarb worm (Spider:2)
  An iron troll (Depths:3)
  An ironbound convoker (Vaults:3)
  A phantasmal warrior (Depths:3)
  2 deep elf zephyrmancers (Elf:1)
  4 ugly things
  A wolf spider (D:13)
  2 moths of wrath
  2 torpor snails (Spider:2)
  A black mamba (Lair:5)
  A cane toad (Lair:1)
  3 komodo dragons
  A yaktaur (Vaults:4)
  A demonic crawler (Spider:4)
  A tengu conjurer (WizLab)
  A meliai (D:13)
  3 bloated husks
  A yak (Lair:2)
  A flying skull (Gauntlet)
  A spriggan (Swamp:4)
  A redback (Spider:1)
  A swamp worm (Swamp:4)
  An acid dragon (D:12)
  An orc warrior (Vaults:5)
  4 demonic plants (Gauntlet)
  18 fire vortices
  34 foxfires
  27 fungi
  67 plants
268 creatures vanquished.

Grand Total: 2577 creatures vanquished

Notes
Turn   | Place    | Note
-------+----------+-------------------------------------------
     0 | D:1      | Lobster4 the Draconian Conjurer began the quest for the
                  | Orb.
     0 | D:1      | Reached XP level 1. HP: 14/14 MP: 3/3
   278 | D:1      | Reached XP level 2. HP: 22/22 MP: 0/5
   438 | D:1      | Learned a level 2 spell: Searing Ray
   581 | D:1      | Found a faded altar of an unknown god.
   708 | D:1      | Reached skill level 1 in Fighting
  1090 | D:2      | Got Kyplihe's Verses on Summoned Unholy Liturgies
  1100 | D:2      | Reached XP level 3. HP: 28/28 MP: 0/6
  1212 | D:2      | Reached skill level 1 in Staves
  2116 | D:3      | Reached XP level 4. HP: 36/36 MP: 5/7
  2148 | D:3      | Found a hide-covered altar of Uskayaw.
  2283 | D:3      | Noticed Terence
  2290 | D:3      | Killed Terence
  2611 | D:3      | Found a blossoming altar of Fedhas.
  2732 | D:4      | You fall into a shaft and drop 1 floor!
  2732 | D:5      | Entered Level 5 of the Dungeon
  2848 | D:5      | Noticed an ice beast
  2913 | D:5      | Reached XP level 5. HP: 41/42 MP: 0/9
  3079 | D:5      | Killed an ice beast
  3080 | D:5      | Reached skill level 5 in Conjurations
  3288 | D:5      | Reached XP level 6. HP: 51/51 MP: 6/11
  3918 | D:4      | Your scales start taking on a fiery red colour.
  3918 | D:4      | Reached XP level 7. HP: 48/59 MP: 2/13
  3918 | D:4      | Gained mutation: Your flesh is heat resistant. (rF+) [Red
                  | Draconian growth]
  4050 | D:4      | Reached skill level 1 in Evocations
  4073 | D:4      | Found a snail-covered altar of Cheibriados.
  4463 | D:4      | Found a staircase to the Ecumenical Temple.
  4467 | D:4      | Noticed Natasha
  4471 | D:4      | Killed Natasha
  4511 | Temple   | Entered the Ecumenical Temple
  4523 | D:4      | Noticed Ijyb
  4526 | D:4      | Killed Ijyb
  4560 | D:4      | Identified the ring "Wyimab" {Drain rN+++ MP-9 Str+7 Dex+6}
  5349 | D:6      | Reached skill level 1 in Fire Magic
  5401 | D:6      | Found a glowing drain.
  5405 | D:6      | Noticed a troll
  5424 | D:6      | Killed a troll
  5425 | D:6      | Reached skill level 5 in Fighting
  5425 | D:6      | Reached skill level 2 in Fire Magic
  5425 | D:6      | Reached XP level 8. HP: 47/68 MP: 0/15
  5530 | Sewer    | Entered a sewer
  5801 | D:6      | Reached skill level 5 in Spellcasting
  5925 | D:6      | Reached skill level 3 in Fire Magic
  6527 | D:7      | Found an opulent altar of Gozag.
  6878 | D:7      | Reached skill level 4 in Fire Magic
  6878 | D:7      | Reached XP level 9. HP: 69/75 MP: 8/17
  7035 | D:7      | Noticed Menkaure
  7044 | D:7      | Killed Menkaure
  7045 | D:7      | Reached skill level 1 in Shields
  7262 | D:7      | Noticed Dowan
  7637 | D:7      | Killed Dowan
  7842 | D:7      | Noticed Duvessa
  7849 | D:7      | Killed Duvessa
  7905 | D:8      | Reached skill level 5 in Fire Magic
  8504 | D:8      | Found a burning altar of Makhleb.
  8504 | D:8      | Found a radiant altar of Vehumet.
  8515 | D:8      | Became a worshipper of Vehumet
  8712 | D:8      | Reached XP level 10. HP: 78/86 MP: 9/19
  9131 | D:9      | Found a staircase to the Lair.
  9137 | D:9      | Reached skill level 1 in Throwing
  9794 | D:9      | Found a white marble altar of Elyvilon.
 10129 | D:9      | Reached * piety under Vehumet
 10129 | D:9      | Offered knowledge of Kiss of Death by Vehumet.
 10238 | D:9      | Identified the +5 spear "Hamioryk" {pain, rCorr}
 10578 | D:9      | Reached skill level 5 in Shields
 10828 | D:10     | Entered Level 10 of the Dungeon
 10982 | D:10     | Noticed Grum
 11005 | D:10     | Killed Grum
 11025 | D:10     | Offered knowledge of Static Discharge by Vehumet.
 11153 | D:10     | Reached ** piety under Vehumet
 11696 | D:10     | Noticed a centaur warrior
 11798 | D:10     | Learned a level 4 spell: Iskenderun's Mystic Blast
 11818 | D:10     | Killed a centaur warrior
 11819 | D:10     | Reached XP level 11. HP: 57/95 MP: 17/22
 12032 | D:10     | Offered knowledge of Ignite Poison by Vehumet.
 12038 | D:10     | Learned a level 4 spell: Olgreb's Toxic Radiance
 12073 | D:10     | Reached skill level 1 in Polearms
 12154 | D:10     | Reached skill level 1 in Translocations
 12434 | D:10     | Reached *** piety under Vehumet
 12435 | D:10     | Paralysed by a hornet for 3 turns
 12455 | D:10     | Reached skill level 1 in Poison Magic
 12459 | D:10     | Learned a level 3 spell: Ignite Poison
 12698 | D:10     | Found a staircase to the Orcish Mines.
 12738 | D:10     | Noticed Nergalle
 12845 | D:10     | Identified the amulet "Gira" {Reflect rPois SH+5 Stlth+}
 12859 | D:10     | Reached skill level 1 in Necromancy
 12893 | D:10     | Noticed Harold
 13106 | D:11     | Noticed a two-headed ogre
 13248 | D:11     | Killed a two-headed ogre
 13720 | D:11     | Offered knowledge of Mephitic Cloud by Vehumet.
 13728 | D:11     | Learned a level 3 spell: Mephitic Cloud
 13916 | D:11     | Identified the +5 dagger "Liefoebb" {freeze, rN++ Str+2}
 14028 | D:11     | Found a shadowy altar of Dithmenos.
 14286 | Orc:1    | Entered Level 1 of the Orcish Mines
 14323 | Orc:1    | Reached skill level 1 in Transmutations
 14760 | Orc:1    | Reached **** piety under Vehumet
 14768 | Orc:1    | Reached skill level 1 in Air Magic
 14818 | Orc:1    | Offered knowledge of Inner Flame by Vehumet.
 14823 | Orc:1    | Learned a level 3 spell: Inner Flame
 15033 | Orc:1    | Noticed an orc knight
 15055 | Orc:1    | Killed an orc knight
 15567 | Orc:2    | Entered Level 2 of the Orcish Mines
 15665 | Orc:2    | Noticed a two-headed ogre
 15748 | Orc:2    | Killed a two-headed ogre
 15749 | Orc:2    | Reached XP level 12. HP: 106/106 MP: 14/24
 15856 | Orc:2    | Reached ***** piety under Vehumet
 15856 | Orc:2    | Offered knowledge of Eringya's Noxious Bog by Vehumet.
 16147 | Orc:2    | Noticed a two-headed ogre
 16154 | Orc:2    | Killed a two-headed ogre
 16657 | Orc:2    | Found Lutiulir's Jewellery Emporium.
 16722 | Orc:2    | Reached skill level 1 in Hexes
 16794 | Orc:2    | Noticed a two-headed ogre
 16797 | Orc:2    | Killed a two-headed ogre
 16798 | Orc:2    | Reached skill level 10 in Fighting
 16798 | Orc:2    | Reached skill level 5 in Dodging
 16798 | Orc:2    | Reached skill level 10 in Conjurations
 16879 | Orc:2    | Found Luextiab's Armour Shoppe.
 16887 | Orc:2    | Reached skill level 6 in Fire Magic
 17551 | Orc:2    | Found a staircase to the Elven Halls.
 17603 | Orc:2    | Found the +8 trishula "Condemnation" {holy, anguish, *Noise
                  | Fly rN+}
 17786 | Orc:2    | Identified a scroll of acquirement
 17996 | Orc:2    | Reached skill level 7 in Fire Magic
 18080 | Orc:2    | Noticed an orc warlord
 18088 | Orc:2    | Killed an orc warlord
 18346 | Orc:2    | Noticed an orc high priest
 18350 | Orc:2    | Killed an orc high priest
 18359 | Orc:2    | Offered knowledge of Starburst by Vehumet.
 18372 | Orc:2    | Learned a level 6 spell: Starburst
 18643 | Orc:2    | Noticed an orc high priest
 18646 | Orc:2    | Killed an orc high priest
 18647 | Orc:2    | Reached XP level 13. HP: 101/113 MP: 13/26
 18788 | Orc:2    | Found Qimmug's Armour Emporium.
 18850 | Orc:2    | Reached skill level 5 in Poison Magic
 19110 | Orc:2    | Found Uttux's Magic Scroll Shop.
 19118 | Orc:2    | Bought a scroll of noise for 15 gold pieces
 19366 | Orc:2    | Bought a +1 pair of boots of stealth for 231 gold pieces
 19464 | D:10     | Killed Nergalle
 19549 | D:10     | Killed Harold
 19625 | D:10     | Found a portal to a secret trove of treasure.
 19799 | Lair:1   | Entered Level 1 of the Lair of Beasts
 19839 | Lair:1   | Found a gate leading to a gauntlet.
 19875 | Lair:1   | Learned a level 5 spell: Iskenderun's Battlesphere
 19905 | Gauntlet | Entered a Gauntlet
 19905 | Gauntlet | Found a transporter.
 19905 | Gauntlet | Found a transporter.
 19905 | Gauntlet | Found a transporter.
 19924 | Gauntlet | Found a transporter.
 19926 | Gauntlet | Found a transporter.
 19937 | Gauntlet | Found a transporter.
 19939 | Gauntlet | Found a transporter.
 19946 | Gauntlet | Noticed a dire elephant
 19949 | Gauntlet | Found a transporter.
 19965 | Gauntlet | Found a transporter.
 19985 | Gauntlet | Found a transporter.
 19986 | Gauntlet | Found a transporter.
 19997 | Gauntlet | Found a transporter.
 20053 | Gauntlet | Acquired the +4 kite shield of Trumpets {Regen+ Str+5}
 20117 | Gauntlet | Reached skill level 8 in Fire Magic
 20131 | Gauntlet | Identified the ring of Wishful Thinking {Fly rF+}
 20216 | Gauntlet | Identified the ring of the Flying Gods {rF+ rC+ rCorr
                  | Dex+2}
 20854 | Gauntlet | Identified the +3 lajatang "Vaoriq" {venom, Contam rElec
                  | rCorr Int+5}
 20854 | Gauntlet | Noticed a minotaur
 20863 | Gauntlet | Killed a minotaur
 21751 | Lair:2   | Found the ring of the Hare {EV+8}
 21952 | Lair:2   | Noticed Amaemon
 21961 | Lair:2   | Killed Amaemon
 21997 | Lair:2   | Offered knowledge of Arcjolt by Vehumet.
 22081 | Lair:2   | Noticed chippings's ghost (journeyman AtAr)
 22127 | Lair:2   | Found a transporter.
 22128 | Lair:2   | Found a transporter.
 22275 | Lair:2   | Reached skill level 10 in Spellcasting
 22488 | Lair:2   | Found a bloodstained altar of Trog.
 22585 | Lair:2   | Reached skill level 9 in Fire Magic
 22620 | Lair:2   | Found a staircase to the Swamp.
 23130 | Lair:3   | Noticed Urug
 23144 | Lair:3   | Killed Urug
 23394 | Lair:3   | Noticed Gastronok
 23406 | Lair:3   | Killed Gastronok
 23407 | Lair:3   | Reached XP level 14. HP: 117/122 MP: 15/28
 23416 | Lair:3   | Reached skill level 5 in Polearms
 23560 | Lair:3   | Identified the +1 scale mail of Jys Nowk {Int+6}
 23607 | Lair:3   | Found a hole to the Spider Nest.
 24602 | Lair:4   | Reached skill level 10 in Fire Magic
 24861 | Lair:5   | Entered Level 5 of the Lair of Beasts
 24893 | Lair:5   | Offered knowledge of Fireball by Vehumet.
 24901 | Lair:5   | Learned a level 5 spell: Fireball
 24904 | Lair:5   | Found a runed translucent door.
 24905 | Lair:5   | Found a viscous altar of Jiyva.
 24905 | Lair:5   | Noticed an azure jelly
 24907 | Lair:5   | Found a staircase to the Slime Pits.
 24907 | Lair:5   | Noticed an azure jelly
 25033 | Lair:5   | Found a hide-covered altar of Uskayaw.
 25055 | Lair:5   | Found an ornate altar of the Wu Jian Council.
 25780 | Lair:5   | Reached skill level 11 in Fire Magic
 26132 | Lair:5   | Offered knowledge of Lee's Rapid Deconstruction by Vehumet.
 26374 | Lair:5   | Reached XP level 15. HP: 51/129 MP: 29/29
 26576 | Lair:5   | Found a corrupted altar of Lugonu.
 26576 | Lair:5   | Found a one-way gate to the infinite horrors of the Abyss.
 26996 | Elf:1    | Entered Level 1 of the Elven Halls
 27233 | D:12     | Noticed Fannar
 27239 | D:12     | Killed Fannar
 28276 | D:13     | Found a runed translucent door.
 28423 | D:13     | Found a runed translucent door.
 29212 | D:13     | Identified the +2 pair of boots of Qoeplez {rC+}
 29229 | D:13     | Found the +10 tower shield of Ignorance {rN+ Int-4}
 30488 | D:14     | Found a gate to the Vaults.
 30504 | D:14     | Reached skill level 12 in Fire Magic
 30521 | D:14     | Reached skill level 10 in Shields
 31123 | D:15     | Entered Level 15 of the Dungeon
 31405 | D:15     | Reached skill level 10 in Polearms
 31827 | D:15     | Found a staircase to the Depths.
 31910 | D:15     | Offered knowledge of Irradiate by Vehumet.
 31958 | D:15     | Reached ****** piety under Vehumet
 32136 | D:15     | Reached XP level 16. HP: 139/139 MP: 15/30
 32519 | Spider:1 | Entered Level 1 of the Spider Nest
 33294 | Spider:1 | Identified the +1 ring mail of Devotion {Dex+4}
 33295 | Spider:1 | Identified the +3 ring mail of Jetiung {Dex+4}
 33313 | Spider:1 | Found a runed translucent gate.
 33315 | Spider:1 | Found a runed translucent gate.
 33315 | Spider:1 | Found a runed translucent gate.
 33316 | Spider:1 | Noticed Hynecril's ghost (journeyman MeHW)
 33316 | Spider:1 | Noticed Lobster4's ghost (journeyman DEHu)
 33317 | Spider:1 | Noticed Paroid's ghost (journeyman MeHs)
 33317 | Spider:1 | Noticed Pesouf's ghost (adept MfHs)
 33579 | Spider:2 | Noticed Mlioglotl
 34158 | Spider:2 | Offered knowledge of Conjure Ball Lightning by Vehumet.
 34276 | Spider:2 | Killed Mlioglotl
 34495 | Spider:2 | Identified the +1 ring mail of the Five Wars {Dex+5}
 35735 | Spider:3 | Identified the +1 plate armour of Durghuiv {rF+}
 35957 | Spider:3 | Noticed Arachne
 35981 | Spider:3 | Killed Arachne
 36437 | Spider:3 | Noticed an acid blob
 36441 | Spider:3 | Killed an acid blob
 36790 | Spider:4 | Entered Level 4 of the Spider Nest
 36962 | Spider:4 | Reached XP level 17. HP: 150/150 MP: 25/31
 37411 | Spider:4 | Found a runed translucent door.
 37411 | Spider:4 | Noticed freelancePsychic's ghost (adept MfHu)
 37750 | Spider:4 | Offered knowledge of Chain Lightning by Vehumet.
 37750 | Spider:4 | Offered knowledge of Polar Vortex by Vehumet.
 37750 | Spider:4 | Offered knowledge of Maxwell's Capacitive Coupling by
                  | Vehumet.
 39001 | Spider:4 | Reached skill level 15 in Conjurations
 39470 | Spider:4 | Got a gossamer rune of Zot
 39840 | Vaults:1 | Entered Level 1 of the Vaults
 41735 | Vaults:2 | Reached XP level 18. HP: 161/161 MP: 32/32
 41934 | Vaults:2 | Found a flickering gateway to a bazaar.
 41942 | Bazaar   | Entered a bazaar
 41948 | Bazaar   | Found Weis's Distillery.
 41975 | Bazaar   | Found Joehot's Magic Scroll Shop.
 41992 | Bazaar   | Found Hivisuw's Weapon Shop.
 42022 | Bazaar   | Found Erhohiy's Assorted Antiques.
 42041 | Bazaar   | Bought a scroll of enchant armour for 210 gold pieces
 42042 | Bazaar   | Bought a shimmering scimitar for 252 gold pieces
 42042 | Bazaar   | Identified the +5 scimitar "Xohabru" {pain, Fly rC+ Int+7
                  | Dex-4} (You bought it in a shop in a bazaar)
 42042 | Bazaar   | Bought a scroll of teleportation for 84 gold pieces
 42055 | Bazaar   | Bought a scroll of summoning for 161 gold pieces
 42055 | Bazaar   | Bought a scroll of teleportation for 51 gold pieces
 42067 | Bazaar   | Bought a potion of heal wounds for 45 gold pieces
 42067 | Bazaar   | Bought a potion of heal wounds for 45 gold pieces
 42067 | Bazaar   | Bought 2 potions of might for 72 gold pieces
 42186 | Vaults:2 | Found a staircase to the Crypt.
 42492 | Vaults:2 | Reached skill level 15 in Fighting
 43131 | Vaults:2 | Identified the +1 chain mail "Zaiwa" {Int+4 Dex+3}
 43222 | Vaults:2 | Identified the amulet "Kunor" {Spirit rF+ Will+ Regen+
                  | Dex+4}
 44010 | Vaults:3 | Noticed a Tzitzimitl
 44295 | Vaults:3 | Identified the +1 scale mail "Uxkuk" {rElec SInv}
 44825 | Vaults:3 | Reached XP level 19. HP: 165/170 MP: 32/34
 45118 | Vaults:3 | Reached skill level 13 in Fire Magic
 45243 | Vaults:3 | Noticed an iron giant
 45244 | Vaults:3 | an iron giant changed into an iron dragon
 45245 | Vaults:3 | an iron dragon changed into a golden dragon
 45245 | Vaults:3 | Noticed a golden dragon (glowing shapeshifter)
 45257 | Vaults:3 | a golden dragon changed into an iron dragon
 45782 | Vaults:4 | Noticed Aizul
 45802 | Vaults:4 | Killed Aizul
 46143 | Vaults:4 | Noticed Boris
 46152 | Vaults:4 | Killed Boris
 46153 | Vaults:4 | Reached skill level 14 in Fire Magic
 46582 | Vaults:4 | Reached skill level 10 in Dodging
 47869 | Elf:1    | Reached skill level 15 in Fire Magic
 47918 | Elf:1    | Found Ehatwyq's Magic Scroll Emporium.
 47933 | Elf:1    | Bought a scroll of acquirement for 572 gold pieces
 47933 | Elf:1    | Acquired 719 gold pieces
 48289 | Elf:1    | Reached skill level 5 in Transmutations
 48548 | Elf:1    | Identified the +2 leather armour "Yzoepats" {rCorr}
 48584 | Elf:1    | Reached XP level 20. HP: 184/184 MP: 35/35
 48939 | Elf:2    | Found a shimmering blue altar of Sif Muna.
 49177 | Elf:2    | Found Ynuepixza's General Store.
 49197 | Elf:2    | Bought a scroll of magic mapping for 135 gold pieces
 49581 | Elf:2    | Found a runed translucent gate.
 49581 | Elf:2    | Found a runed translucent gate.
 49581 | Elf:2    | Found a runed translucent gate.
 49820 | Elf:3    | Entered Level 3 of the Elven Halls
 49849 | Elf:3    | Found a magical portal.
 49869 | WizLab   | Entered Iskenderun's Mystic Tower
 50118 | WizLab   | Reached skill level 5 in Throwing
 50844 | WizLab   | Got the Handbook of Iniquitous Magic and Imprecation
 50852 | WizLab   | Got Iskenderun's Quarto of the Barrage
 51921 | Elf:3    | Reached skill level 16 in Fire Magic
 52040 | Elf:3    | Identified the +6 whip of Baac {venom, Drain rPois rN+
                  | Will++}
 52768 | Elf:3    | Identified the +5 bardiche of Drought {vorpal, rF+++ Will-
                  | Dex+3}
 53318 | Elf:3    | Got Jonigrie's Teachings on the Inconstant Barrage
 53339 | Elf:3    | Got Ureh's Further Progress in Spellcraft
 53357 | Elf:3    | Got the Lessons on the Zephyr and the Coals
 53372 | Elf:3    | Identified the +1 longbow of Optimality {vorpal, Str-2
                  | Int+10 SInv}
 53404 | Elf:3    | Learned a level 4 spell: Flame Wave
 53789 | Swamp:1  | Entered Level 1 of the Swamp
 54785 | Swamp:2  | Reached XP level 21. HP: 194/194 MP: 29/36
 56321 | Swamp:4  | Entered Level 4 of the Swamp
 56498 | Swamp:3  | Reached skill level 17 in Fire Magic
 57277 | Swamp:4  | Got a decaying rune of Zot
 58920 | Crypt:1  | Entered Level 1 of the Crypt
 59646 | Crypt:1  | Reached skill level 18 in Fire Magic
 59693 | Crypt:1  | Reached XP level 22. HP: 180/205 MP: 38/38
 59962 | Crypt:1  | Found an ancient bone altar of Kikubaaqudgha.
 60224 | Crypt:2  | Noticed Mennas
 60244 | Crypt:2  | Killed Mennas
 60862 | Crypt:2  | Noticed Jory
 60875 | Crypt:2  | Killed Jory
 61000 | Crypt:2  | Found a runed translucent door.
 61000 | Crypt:2  | Found a shimmering altar of Xom.
 61000 | Crypt:2  | Noticed Mulolez's ghost (adept MiFi)
 61283 | Crypt:3  | Entered Level 3 of the Crypt
 61484 | Crypt:3  | Identified the +0 pair of boots of the Lizard {rElec rC-
                  | Dex+9}
 61680 | Crypt:3  | Reached skill level 19 in Fire Magic
 61787 | Crypt:3  | Learned a level 8 spell: Ignition
 61950 | Crypt:3  | Found a staircase to the Tomb.
 62109 | Crypt:3  | Found an ancient bone altar of Kikubaaqudgha.
 62293 | Crypt:3  | Identified the amulet of Ublahol {rC+ Regen+}
 62293 | Crypt:3  | Identified the ring of the Gloaming {rN+ Int+4 Dex+4}
 62845 | Crypt:3  | Identified the +2 plate armour of the Sun {rC+ rN+}
 63122 | Depths:1 | Entered Level 1 of the Depths
 63427 | Depths:1 | Found a one-way gateway to a ziggurat.
 63850 | Depths:1 | Found a gateway to Hell.
 64810 | D:10     | You paid a toll of +2 fire dragon scales to enter a
                  | treasure trove
 64811 | Trove    | Entered a treasure trove
 64816 | Trove    | Found the +9 sword of Zonguldrok {reap}
 64823 | Trove    | Identified the ring of Xudobag {Fire rN+}
 64827 | Trove    | Identified the +3 trident "Faucwiole" {vorpal, rF++ rC-
                  | Will+ Str+3 SInv}
 64838 | Trove    | Identified the +5 spear of the Building Gods {pain, rElec
                  | rN+ Dex+3}
 64876 | D:10     | Acquired 682 gold pieces
 65190 | Depths:2 | You are sucked into a shaft and drop 2 floors!
 65190 | Depths:4 | Entered Level 4 of the Depths
 65273 | Depths:4 | Found Epteshrai's Antique Weapon Shop.
 65281 | Depths:4 | Bought an encrusted whip for 307 gold pieces
 65281 | Depths:4 | Identified the +4 whip of Cocytus {spect, Int+7} (You
                  | bought it in a shop on level 4 of the Depths)
 65299 | Depths:3 | Paralysed by something for 2 turns
 65379 | Depths:3 | Found Emiptilo's Armour Shoppe.
 65379 | Depths:3 | Found Ifoig's Magic Scroll Emporium.
 65405 | Depths:3 | Reached XP level 23. HP: 215/215 MP: 31/39
 65558 | Depths:3 | Reached skill level 20 in Fire Magic
 65980 | Depths:2 | Found a one-way gate leading to the halls of Pandemonium.
 66413 | Depths:3 | Noticed a caustic shrike
 66428 | Depths:3 | Killed a caustic shrike
 66881 | Depths:3 | Paralysed by a floating eye for 4 turns
 66988 | Depths:3 | Identified the ring of Lyjietz {Will+ rCorr Int+4 Dex-4}
 67103 | Depths:3 | Noticed an ancient lich
 67121 | Depths:3 | Killed an ancient lich
 67804 | Depths:4 | Noticed Boris
 67825 | Depths:4 | Killed Boris
 68372 | Depths:4 | Identified the +2 robe of Toejops {rF+ rCorr Str+2}
 68530 | Depths:4 | Reached skill level 21 in Fire Magic
 68859 | Depths:4 | Found a gate to the Realm of Zot.
 70046 | Spider:1 | Killed Hynecril's ghost
 70064 | Spider:1 | Killed Pesouf's ghost
 70078 | Spider:1 | Killed Lobster4's ghost
 70091 | Spider:1 | Killed Paroid's ghost
 70234 | Spider:4 | Killed freelancePsychic's ghost
 70443 | Lair:2   | Killed chippings's ghost
 71480 | Vaults:5 | Entered Level 5 of the Vaults
 71481 | Vaults:5 | Noticed a dread lich
 71486 | Vaults:5 | Reached XP level 24. HP: 165/224 MP: 40/40
 71866 | Vaults:4 | Killed a dread lich
 71932 | Vaults:5 | Reached skill level 22 in Fire Magic
 72242 | Vaults:5 | Paralysed by a sphinx for 2 turns
 72510 | Vaults:5 | Identified the +3 mace "Beastbane" {vorpal, *Slow +Blink
                  | rN++ rCorr}
 72663 | Vaults:5 | Identified the +2 great mace "Arbiter" {freeze, rN++}
 72684 | Vaults:5 | Noticed Margery
 72777 | Vaults:4 | Killed Margery
 73136 | Vaults:5 | Got the Collected Works on Entrancing Graupel
 73441 | Vaults:5 | Reached skill level 15 in Dodging
 73744 | Vaults:5 | Reached skill level 23 in Fire Magic
 74032 | Vaults:5 | Got a silver rune of Zot
 74809 | Tomb:1   | Entered Level 1 of the Tomb of the Ancients
 74892 | Tomb:1   | Noticed Boris
 74960 | Tomb:1   | Killed Boris
 75580 | Tomb:1   | Noticed a royal mummy
 75583 | Tomb:1   | Noticed a royal mummy
 76050 | Crypt:3  | Killed a royal mummy
 76087 | Crypt:3  | Killed a royal mummy
 76528 | Tomb:1   | Reached XP level 25. HP: 136/231 MP: 40/40
 76930 | Zot:1    | Entered Level 1 of the Realm of Zot
 76958 | Depths:4 | Upgraded the game from 0.30-a0-250-g41c1d76940 to
                  | 0.30-a0-263-ge22c4ad894
 77323 | Zot:1    | Reached skill level 24 in Fire Magic
 78256 | Zot:1    | Learned a level 9 spell: Fire Storm
 78473 | Zot:2    | Identified the +2 robe of the Robin {Will+ Int+7}
 78564 | Zot:2    | Reached skill level 25 in Fire Magic
 80843 | Zot:4    | Reached skill level 26 in Fire Magic
 81824 | Zot:5    | Entered Level 5 of the Realm of Zot
 82490 | Zot:5    | Reached XP level 26. HP: 219/239 MP: 40/40
 82745 | Zot:5    | Noticed a dread lich
 82762 | Zot:5    | Reached skill level 27 in Fire Magic
 82769 | Zot:5    | Paralysed by a dread lich for 3 turns
 82774 | Zot:5    | Killed a dread lich
 83032 | Zot:5    | Noticed a dread lich
 83113 | Zot:5    | Killed a dread lich
 83152 | Zot:5    | Noticed a dread lich
 83267 | Zot:5    | Noticed an orb of fire
 83287 | Zot:5    | Gained mutation: Your body sometimes deteriorates upon
                  | taking damage. [an orb of fire]
 83296 | Zot:5    | Gained mutation: You are dopey. (Int -2) [an orb of fire]
 83304 | Zot:5    | Gained mutation: You are very dopey. (Int -4) [an orb of
                  | fire]
 83305 | Zot:5    | Killed an orb of fire
 83566 | Zot:5    | Noticed an ancient lich
 83740 | Zot:5    | Noticed an ancient lich
 83756 | Zot:5    | Killed an ancient lich
 83772 | Zot:5    | Killed a dread lich
 84568 | Zot:5    | Noticed an orb of fire
 84591 | Zot:5    | Gained mutation: You occasionally lose the ability to read
                  | scrolls when taking damage. [an orb of fire]
 84595 | Zot:5    | Killed an orb of fire
 84988 | Depths:1 | Lost mutation: You occasionally lose the ability to read
                  | scrolls when taking damage. [potion of mutation]
 84988 | Depths:1 | Lost mutation: Your body sometimes deteriorates upon taking
                  | damage. [potion of mutation]
 84988 | Depths:1 | Lost mutation: You are very dopey. (Int -4) [potion of
                  | mutation]
 84988 | Depths:1 | Gained mutation: You expend magic power (3 MP) to
                  | strengthen your wands. [potion of mutation]
 85497 | Zot:5    | Killed an ancient lich
 85509 | Zot:5    | Noticed an orb of fire
 85537 | Zot:5    | Gained mutation: You are clumsy. (Dex -2) [an orb of fire]
 85539 | Zot:5    | Gained mutation: You are weak. (Str -2) [an orb of fire]
 85542 | Zot:5    | Gained mutation: You occasionally shout uncontrollably at
                  | your foes. [an orb of fire]
 85555 | Zot:5    | Gained mutation: Your magical capacity is low. (-10% MP)
                  | [an orb of fire]
 85559 | Zot:5    | Gained mutation: Your spells are a little easier to cast,
                  | but a little less powerful. [an orb of fire]
 85568 | Zot:5    | Gained mutation: Your magical capacity is very low. (-20%
                  | MP) [an orb of fire]
 85572 | Zot:5    | Killed an orb of fire
 85836 | Zot:5    | Got the Orb of Zot
 86604 | D:$      | Escaped with the Orb!

Illustrated notes

Levels and vault maps discovered:
D:1:      mainiacjoe_arrival_reflecting_pool, layout_basic,
          shapermc_ecumenical_altar_venn
D:2:      layout_basic, minmay_shallow_snake_nest
D:3:      layout_rooms, mainiacjoe_overflow_large_starburst,
          amcnicky_mini_rare_corridor_liquid, kennysheep_flooded_box,
          uniq_terence
D:4:      layout_cave_pods, cheibriados_altar_1, minmay_temple_entry_ruins,
          minmay_bent, uniq_ijyb, uniq_natasha
D:5:      layout_layer_cave, serial_bayou, serial_bayou_pond_d,
          serial_bayou_shore_b, serial_bayou_ford_a, serial_bayou_crossing
D:6:      hellmonk_destroyed_diamonds, layout_rooms, gup_sewer_entry_glass
D:7:      layout_basic, grunt_gozag_breadcrumbs, st_stairs_7, uniq_menkaure,
          uniq_duvessa
D:8:      layout_layer_cave, grunt_temple_overflow_lords_of_destruction
D:9:      layout_gridville, nicolae_elyvilon_temple_path, lair_entry_dummy,
          minmay_misc_feat_more_columns
D:10:     layout_basic, zombieorc2_lemuel, nicolae_trove_entry_crossroad,
          uniq_nergalle, uniq_harold, uniq_grum
D:11:     layout_irregular_city, grunt_dithmenos_smoke
D:12:     layout_basic, the_hattery, uniq_fannar
D:13:     minmay_stepped, layout_basic, chequers_guarded_unrand_ignorance
D:14:     layout_layer_cave, lightli_vaults_fourway_checkpoint
D:15:     grunt_enter_depths_hoard, layout_basic, minmay_misc_feat_alley
Temple:   minmay_freezing_vapour_temple
Lair:1:   layout_concentric_octagons, gauntlet_entry_generic,
          infiniplex_staircase_pool
Lair:2:   layout_cave_pods, swamp_mist_pool, gammafunk_ghost_wrathful_warriors,
          infiniplex_staircase_pool_2, lemuel_fruit_fields, uniq_amaemon
Lair:3:   layout_concentric_octagons, spider_nest_entry_funnel_web,
          ldierk_geyser, uniq_gastronok, uniq_urug
Lair:4:   layout_gridlike, nzn_sisyphean_effort, grunt_megastairs_4
Lair:5:   hellmonk_lair_end_abyssal_woods, layout_big_grid, slime_entry_2,
          nzn_masters_of_martial_movement, lemuel_fruit_tree
Swamp:1:  layout_basic_swamp, hangedman_swamp_ruin_wall,
          nicolae_swamp_little_tower
Swamp:2:  layout_basic_swamp, nicolae_swamp_treefoil, swamp_pool1
Swamp:3:  nicolae_swamp_flooded_prison, layout_falls_marsh,
          nicolae_swamp_rocky_clearing, swamp_pool1, cheibrodos_swamp_minitomb
Swamp:4:  swamp_vile, layout_basic_swamp, swamp_pool2
Spider:1: layout_spider_delve, gammafunk_ghost_cemetery, worms_lemuel,
          hangedman_spider_tarantella_strand
Spider:2: layout_chambers, nicolae_spider_circle_web, drop_trap, uniq_mlioglotl
Spider:3: layout_spider_delve, nicolae_spider_acid_house, uniq_arachne
Spider:4: floodkiller_spider_rune_tomb, gammafunk_ghost_grave,
          nicolae_spider_stair_cavern
Orc:1:    layout_caves
Orc:2:    pubby_orc_utopia
Elf:1:    layout_loops_corners, portal_desolation_entry_garden, serial_shops,
          shop, minmay_elf_necromancy, nicolae_elf_glass_and_crystal_pillar_1,
          st_stairs_7
Elf:2:    elven_hall_of_blades_hangedman_original [nicolae_blade_bullseye],
          layout_loops_ring, serial_sigils, serial_sigils_hangedman_snap,
          serial_sigils_hangedman_scar, serial_sigils_hangedman_quiver,
          serial_shops, nicolae_shop_crystal, corexii_leaking_fountain,
          david_defended_altar_elf
Elf:3:    minmay_elf_hall_golems, layout_geoelf_octagon,
          infiniplex_enter_wizlab_glasses, portal_ice_cave_entry_pillars_1
Vaults:1: nicolae_vaults_specimen_jars, v_rooms_3, grunt_vaults_hallway_short,
          vaults_standard_mumra_enter_the_diamond, layout_vaults_chaotic_city
Vaults:2: vaults_mumra_hex, grunt_vaults_bifocal,
          minmay_crypt_entry_simple_walls, v_misc_23,
          nicolae_vaults_windows_and_doors_thing, ontoclasm_vaults_chip,
          ontoclasm_vaults_twist, nicolae_vaults_little_squares_4,
          vaults_dpeg_cross, nicolae_vaults_bisected_exclaves,
          layout_vaults_big_cross, serial_shops, bzr_entry_gold
Vaults:3: grunt_vaults_focal, vaults_room_grunt_arrival_ludios, v_pattern_3,
          nicolae_vaults_shelves_hall, vaults_standard_mumra_lines,
          nicolae_vaults_three_branches, ontoclasm_vaults_claustrophobia,
          hangedman_vaults_corner, vaults_room_stairs_pillars, v_misc_3,
          hangedman_vaults_corner_blocks, st_octagons_1, ontoclasm_vaults_fault,
          ontoclasm_vaults_hangar, nicolae_vaults_asterisk, layout_vaults_maze
Vaults:4: vaults_room_stairs_pillars, hangedman_vaults_river_flow,
          hangedman_vaults_slither, nicolae_vaults_network_square, v_misc_24,
          v_misc_22, hangedman_vaults_stitches, ontoclasm_vaults_pinch,
          nicolae_vaults_diagonal_hallway_6, ontoclasm_vaults_loading_screen,
          nicolae_vaults_little_squares_6, layout_vaults_omnibox, uniq_boris,
          uniq_aizul
Vaults:5: uniq_margery
Crypt:1:  layout_misc_corridors, lemuel_mausoleum_altar_kikubaaqudgha
Crypt:2:  layout_gridlike, ebering_ghost_xom, uniq_mennas, uniq_jory
Crypt:3:  church_of_pain_bobbens, layout_chaotic_city,
          ebering_dispersal_statue_hall
Tomb:1
Depths:1: layout_basic, enter_ziggurat_b, serial_aquarium,
          aquarium_bridge_long_separate [aquarium_subvault_bridge,
          aquarium_subvault_window, aquarium_subvault_balcony,
          aquarium_subvault_bridge, aquarium_subvault_wall,
          aquarium_subvault_bridge], aquarium_window_1, aquarium_window_corner,
          aquarium_window_double, aquarium_view_2c, aquarium_view_2e,
          aquarium_balcony_5a, aquarium_pool_side, hell_entry,
          kennysheep_just_a_vault
Depths:2: nicolae_cairo_tiling_very_big, layout_basic, pan_entry,
          lightli_too_deep, abyss_entry_crystal
Depths:3: minmay_expanding_squares, layout_long_grid, hex_medium, hell_entry,
          hangedman_abyss_entry_splay, minmay_shoptagon, minmay_staircase_bubble
Depths:4: evilmike_zot_entry_diamond, layout_gridlike, rand_demon_pan_entry_1,
          serial_shops, nicolae_shop_hallway_stairs, hell_entry,
          kennysheep_crisscross, serial_bayou_shore_a
Zot:1:    layout_misc_corridors
Zot:2:    layout_misc_corridors
Zot:3:    layout_onion, lemuel_elevator
Zot:4:    layout_basic, uniq_grunn
Zot:5:    layout_gridlike

Skill      XL: |  1  2  3  4  5  6  7  8  9 10 11 12 13 14 15 16 17 18 19 20 21 22 23 24 25 26 |
---------------+-------------------------------------------------------------------------------+-----
Dodging        | 2 3 4 5 6 7 8 10 11 12 14 15 | 15.0
Stealth        | 2 |  2.0
Fighting       | 1 2 3 4 5 6 7 8 9 10 11 13 14 15 17 18 19 20 | 20.0
Staves         | 1 2 3 4 |  4.0
Spellcasting   | 3 4 5 6 7 8 9 10 11 12 13 | 13.0
Conjurations   | 5 6 7 8 9 10 11 12 13 14 15 16 17 18 19 20 22 23 26 | 26.4
Evocations     | 2 3 4 |  4.0
Fire Magic     | 2 4 5 7 9 11 12 15 16 18 19 21 23 26 27 | 27.0
Shields        | 3 5 6 7 9 10 11 13 14 | 14.0
Throwing       | 1 2 3 5 |  5.0
Polearms       | 1 2 4 7 10 13 14 | 14.7
Translocations | 3 |  3.0
Poison Magic   | 3 4 5 7 8 |  8.0
Necromancy     | 1 2 |  2.0
Transmutations | 2 3 5 |  5.0
Air Magic      | 1 3 |  3.0
Hexes          | 3 |  3.0

Action                   |  1- 3 |  4- 6 |  7- 9 | 10-12 | 13-15 | 16-18 | 19-21 | 22-24 | 25-27 || total
-------------------------+-------+-------+-------+-------+-------+-------+-------+-------+-------++-------
Melee: Staff             |       |    21 |    31 |    24 |       |       |       |       |       ||    76
       Tailslap          |       |     2 |     5 |     7 |   145 |   254 |   339 |   556 |   324 ||  1632
       Punch             |       |     1 |     1 |       |       |       |       |       |       ||     2
       Spear             |       |       |       |    16 |       |       |       |       |       ||    16
       Trishula          |       |       |       |    25 |   863 |  1080 |  1605 |  2345 |  1256 ||  7174
Throw: Dart              |       |     3 |     6 |    52 |    47 |     5 |     2 |       |       ||   115
       Throwing net      |       |       |     1 |       |       |       |       |       |       ||     1
 Cast: Magic Dart        |    60 |    29 |    73 |   268 |    59 |   100 |   110 |    25 |   113 ||   837
       Searing Ray       |     3 |    18 |    54 |   144 |    29 |    38 |    46 |     5 |    22 ||   359
       Olgreb's Toxic Ra |       |       |       |    81 |   109 |   162 |   206 |    93 |    43 ||   694
       Ignite Poison     |       |       |       |    62 |    88 |   115 |   136 |    72 |    26 ||   499
       Iskenderun's Myst |       |       |       |     1 |       |       |       |       |       ||     1
       Starburst         |       |       |       |       |     7 |    16 |     5 |     8 |     2 ||    38
       Fireball          |       |       |       |       |    21 |    25 |    22 |    13 |    12 ||    93
       Iskenderun's Batt |       |       |       |       |     4 |    30 |    32 |     6 |    29 ||   101
       Mephitic Cloud    |       |       |       |       |       |     1 |       |     7 |     5 ||    13
       Flame Wave        |       |       |       |       |       |       |     2 |       |     6 ||     8
       Ignition          |       |       |       |       |       |       |       |     2 |    22 ||    24
       Fire Storm        |       |       |       |       |       |       |       |       |     6 ||     6
 Abil: Breathe Fire      |       |       |     4 |     1 |     2 |       |     1 |     2 |       ||    10
Evoke: Wand              |       |     2 |     5 |     7 |       |       |       |     5 |     5 ||    24
       Tin of tremorston |       |       |       |       |       |       |       |     2 |       ||     2
  Use: Potion            |       |     1 |       |     2 |     1 |     6 |     3 |     9 |    13 ||    35
       Scroll            |       |     5 |     7 |     7 |    12 |     7 |     7 |    15 |     3 ||    63
 Stab: Sleeping          |       |       |       |     4 |     9 |     6 |     7 |    14 |     7 ||    47
       Petrifying        |       |       |       |       |     3 |       |       |       |       ||     3
       Distracted        |       |       |       |       |     1 |     2 |     5 |    12 |     3 ||    23
       Confused          |       |       |       |       |       |       |       |     3 |     3 ||     6
Armor: Skin              |     8 |    11 |    62 |   111 |   150 |   214 |   222 |   359 |   192 ||  1329
Dodge: Dodged            |     3 |    23 |   112 |   152 |   388 |   558 |   546 |  1063 |   595 ||  3440
Block: Buckler           |       |       |     6 |    86 |     1 |       |       |       |       ||    93
       Reflection        |       |       |       |     5 |    33 |    55 |    37 |    47 |     8 ||   185
       Kite shield       |       |       |       |       |   734 |   998 |   994 |  1994 |   990 ||  5710

Table legend: (Time is in decaauts)
 A = Elapsed time spent in this place.
 B = Non-inter-level travel time spent in this place.
 C = Inter-level travel time spent in this place.
 D = Time resting spent in this place.
 E = Time spent auto-exploring this place.
 F = Levels seen in this place.
 G = Mean time per level.
                   A        B        C        D        E       F      G
               +--------+--------+--------+--------+--------+-----+--------+
         Total |  85288 |  76786 |   8502 |  17313 |  37493 |  57 | 1496.3 |
       Dungeon |  22842 |  20121 |   2721 |   3708 |  12921 |  15 | 1522.8 |
        Temple |      1 |      1 |      0 |      0 |      0 |   1 |    1.0 |
          Lair |   6828 |   5907 |    921 |    746 |   3531 |   5 | 1365.6 |
         Swamp |   3543 |   3324 |    219 |    322 |   1901 |   4 |  885.8 |
   Spider Nest |   7375 |   6734 |    641 |   1804 |   2883 |   4 | 1843.8 |
  Orcish Mines |   5353 |   4794 |    559 |   1808 |   1978 |   2 | 2676.5 |
   Elven Halls |   5898 |   5562 |    336 |   1460 |   2632 |   3 | 1966.0 |
        Vaults |  10991 |   9523 |   1468 |   1739 |   4832 |   5 | 2198.2 |
         Crypt |   4384 |   3943 |    441 |    658 |   1795 |   3 | 1461.3 |
          Tomb |   1495 |   1442 |     53 |    389 |    436 |   1 | 1495.0 |
        Depths |   5886 |   5172 |    714 |   1020 |   2335 |   4 | 1471.5 |
           Zot |   8154 |   7730 |    424 |   2458 |   1867 |   5 | 1630.8 |
        Bazaar |    138 |    138 |      0 |      0 |     79 |   1 |  138.0 |
         Trove |     50 |     50 |      0 |      0 |      0 |   1 |   50.0 |
         Sewer |    175 |    175 |      0 |     66 |     37 |   1 |  175.0 |
        Wizlab |   1126 |   1126 |      0 |    444 |    131 |   1 | 1126.0 |
      Gauntlet |   1040 |   1040 |      0 |    687 |    134 |   1 | 1040.0 |
               +--------+--------+--------+--------+--------+-----+--------+

Top non-repeatable levels by time:
   Orc:2: 4194 daAuts
   Zot:5: 3717 daAuts
Vaults:4: 3074 daAuts
    D:10: 2958 daAuts
Spider:4: 2775 daAuts
   Elf:3: 2506 daAuts
Vaults:2: 2360 daAuts
Depths:4: 2296 daAuts
Vaults:1: 2032 daAuts
    D:13: 2021 daAuts
  Lair:5: 2018 daAuts
     D:9: 2004 daAuts
   Elf:2: 1991 daAuts
 Crypt:3: 1966 daAuts
Vaults:3: 1958 daAuts
